 Dungeon Crawl Stone Soup version 0.31-a0-177-g4aa6249778 (webtiles) character file.

Game seed: 11962405703311866921

6311 qw the Cleaver (level 10, 0/66 HPs)
             Began as a Gargoyle Fighter on June 18, 2023.
             Slain by a troll (3 damage)
             ... on level 9 of the Dungeon.
             The game lasted 00:06:17 (10370 turns).

qw the Cleaver (Gargoyle Fighter)                  Turns: 10370, Time: 00:06:17

Health: 0/66       AC: 27    Str: 33    XL:     10   Next: 95%
Magic:  10/10      EV:  8    Int:  9    God:
Gold:   422        SH:  9    Dex:  8    Spells: 9/9 levels left

rFire   . . .        f - +0 broad axe
rCold   . . .        c - +0 buckler
rNeg    + . .        h - +0 plate armour
rPois   inf          (no helmet)
rElec   +            (no cloak)
rCorr   .            m - +0 pair of gloves
SInv    .            k - +0 pair of boots
Will    .....        a - amulet of reflection Stlth
                     w - +6 ring of strength
HPRegen 0.31/turn    o - +4 ring of protection
MPRegen 0.12/turn

%: reflection
@: about to teleport
A: sickness immunity, AC +7, negative energy resistance 1, electricity
resistance, torment resistance 1, petrification resistance, screaming 1, strong
1
a: no special abilities


You were on level 9 of the Dungeon.
You visited 2 branches of the dungeon, and saw 10 of its levels.
You also visited: Ossuary.

You collected 422 gold pieces.


Innate Abilities, Weirdness & Mutations

You are immune to sickness and miasma.
Your stone body is resilient. (AC +7)
You are immune to poison.
You resist negative energy. (rN+)
You are resistant to electric shocks. (rElec)
You are resistant to unholy torment.
You are immune to petrification.
You occasionally shout uncontrollably at your foes.
Your muscles are strong. (Str +4, Int/Dex -1)


   Skills:
 - Level 9.0 Fighting
 - Level 11.0 Axes
 - Level 2.4 Throwing
 + Level 7.0 Armour
 - Level 2.9 Dodging
 - Level 5.0 Shields


You had 9 spell levels left.
You didn't know any spells.
Your spell library was empty.

Inventory:

Hand Weapons
 f - a +0 broad axe (weapon)
 p - a +1 mace of holy wrath
 t - a +0 flail of holy wrath
 x - a +1 heavy flail
Missiles
 u - 2 boomerangs (quivered)
Armour
 c - a +0 buckler (worn)
 h - a +0 plate armour (worn)
 k - a +0 pair of boots (worn)
 m - a +0 pair of gloves (worn)
 v - a +0 kite shield
Jewellery
 a - an amulet of reflection (around neck)
 b - a ring of resist corrosion
 o - a +4 ring of protection (right hand)
 w - a +6 ring of strength (left hand)
Scrolls
 i - 2 scrolls of identify
Potions
 d - a potion of might
 e - 2 potions of mutation
 g - 2 potions of lignification
 j - a potion of magic
 l - 2 potions of curing
 n - a potion of enlightenment
 r - 2 potions of attraction

Dungeon Overview and Level Annotations

Branches:
Dungeon (9/15)             Temple (1/1) D:5         Ossuary (visited)
   Lair: D:8-11         Orc: D:9-12

Altars:
Ashenzari
Cheibriados
Dithmenos
Elyvilon
Fedhas
Gozag
Hepliaklqana
Kikubaaqudgha
Makhleb
Nemelex Xobeh
Qazlal
Ru
Sif Muna
Trog
Uskayaw
Vehumet
Wu Jian
Xom
Yredelemnul
Zin

Shops:
D:8 (

Portals:
Abyss: D:6

Annotations:
D:4 1 runed translucent door, Crazy Yiuf
D:6 2 transporters, qw's ghost, novice GrFi
D:7 1 runed translucent door, qw's ghost, novice MiHu
D:8 4 runed translucent doors


Message History

A troll comes into view.
You throw a boomerang. The troll shouts!
The boomerang hits the two-headed ogre!
The two-headed ogre is lightly wounded.
You throw a boomerang.
The boomerang completely misses the two-headed ogre.
The boomerang closely misses the troll.
You throw a boomerang. The boomerang hits the two-headed ogre!
The two-headed ogre is moderately wounded.
You throw a boomerang. The boomerang hits the two-headed ogre.
The two-headed ogre is heavily wounded.
You slice the two-headed ogre!!
The two-headed ogre is severely wounded.
The two-headed ogre hits you with a +0 giant spiked club!!
The two-headed ogre barely misses you.
You barely miss the two-headed ogre.
The two-headed ogre is severely wounded.
You closely miss the troll.
The two-headed ogre hits you with a +0 giant spiked club!!
The two-headed ogre hits you with a +0 giant club.
The troll closely misses you. The troll barely misses you.
You block the troll's attack.
You hit the two-headed ogre.
The two-headed ogre is severely wounded.
You barely miss the troll. You block the troll's attack.
The troll claws you but does no damage. The troll barely misses you.
The two-headed ogre closely misses you.
The two-headed ogre hits you with a +0 giant club.
You slice the two-headed ogre!!
You kill the two-headed ogre!
You slash the troll! You block the troll's attack.
The troll claws you but does no damage. The troll claws you!
Your Fighting skill increases to level 9!
10370 ||| READING scroll of teleportation.
As you read the scroll of teleportation, it crumbles to dust.
You feel strangely unstable. The troll bites you! You block the troll's attack.
The troll claws you.
You die...

##~..######...### #.
~~##~~..# ###...#####.
~~~~~~(.# ###.......
........# #####....
....###.## >........
##.......##### #######.#
#.#.........#########...
#.............>.........
..##....@........#.....##
...>...T)......#...#####
..#..............###
~..#.....##...##....####
~. #.....#8...8#.##....##
.......##...########...
.###....# ..# #### ##...#
.#


You could see a troll.

Vanquished Creatures
  2 two-headed ogres
  Pikel (D:8)
  Grinder (D:6)
  Sigmund (D:5)
  2 wraiths
  Eustachio (D:6)
  A water moccasin (D:8)
  4 orc warriors
  A black bear (D:4)
  An ice beast (D:5)
  2 ogres
  2 lemures (D:8)
  3 kobold brigands
  2 phantoms
  A bullfrog (D:8)
  An elf zombie (Ossuary)
  4 gnoll sergeants
  A scorpion (D:6)
  5 wights (D:8)
  22 killer bees
  3 electric eels
  2 howler monkeys
  A human zombie (D:5)
  3 jellies
  A gnoll bouda (D:7)
  A hound (D:4)
  2 orc priests
  2 sleepcaps
  An iguana (D:5)
  3 orc wizards
  3 mummies (Ossuary)
  23 gnolls
  6 adders
  2 white imps
  An ufetubus (D:3)
  3 worms (D:2)
  2 dart slugs
  29 orcs
  7 bats
  6 endoplasms
  3 giant cockroaches
  11 goblins
  5 hobgoblins
  3 jackals (D:4)
  3 quokkas
  10 ball pythons
  2 frilled lizards
  5 goblin zombies (Ossuary)
  3 hobgoblin zombies (Ossuary)
  A jackal zombie (D:5)
  25 kobolds
  3 kobold zombies (Ossuary)
  3 rats
236 creatures vanquished.

Notes
Turn   | Place    | Note
-------+----------+-------------------------------------------
     0 | D:1      | qw the Gargoyle Fighter began the quest for the Orb.
     0 | D:1      | Reached XP level 1. HP: 14/14 MP: 1/1
     0 | D:1      | 0 ||| qw: Version: 0.3-a-7-ge0c9b40
     0 | D:1      | 0 ||| qw: Game counter: 795
     0 | D:1      | 0 ||| qw: Always use a shield: true
     0 | D:1      | 0 ||| qw: God list: Okawaru
     0 | D:1      | 0 ||| qw: Allow faded altars: false
     0 | D:1      | 0 ||| qw: Do Orc after D:15 true
     0 | D:1      | 0 ||| qw: Do second Lair branch before Depths: true
     0 | D:1      | 0 ||| qw: Lair rune preference: random
     0 | D:1      | 0 ||| qw: Plans: Normal, Zot:1-4, Slime:5, God:TSO, Crypt,
                  | Tomb, Abyss, Pan, Hells, Win
     0 | D:1      | 0 ||| PLANNING D:1-11
    26 | D:1      | 26 ||| Stepping ~*~*~tactically~*~*~ (hiding).
    27 | D:1      | 27 ||| Stepping ~*~*~tactically~*~*~ (hiding).
    37 | D:1      | Reached skill level 2 in Axes
   121 | D:1      | 121 ||| Stepping ~*~*~tactically~*~*~ (hiding).
   129 | D:1      | Reached XP level 2. HP: 16/19 MP: 2/2
   133 | D:1      | 133 ||| FLEEEEING.
   134 | D:1      | 134 ||| FLEEEEING.
   146 | D:1      | 146 ||| Stepping ~*~*~tactically~*~*~ (stealth).
   192 | D:1      | 192 ||| Stepping ~*~*~tactically~*~*~ (stealth).
   264 | D:1      | Found a faded altar of an unknown god.
   461 | D:1      | 461 ||| Stepping ~*~*~tactically~*~*~ (stealth).
   487 | D:1      | 487 ||| Stepping ~*~*~tactically~*~*~ (stealth).
   604 | D:1      | 604 ||| READING scroll labelled SILU GAOFYAN.
   605 | D:1      | 605 ||| READING scroll labelled HIMAKE VITANOE.
   608 | D:1      | 608 ||| READING scroll labelled PEDDORGH XYPET.
   629 | D:2      | Reached skill level 3 in Axes
   713 | D:2      | 713 ||| Stepping ~*~*~tactically~*~*~ (stealth).
   718 | D:2      | 718 ||| Stepping ~*~*~tactically~*~*~ (stealth).
   719 | D:2      | 719 ||| Stepping ~*~*~tactically~*~*~ (stealth).
   721 | D:2      | 721 ||| Stepping ~*~*~tactically~*~*~ (stealth).
   723 | D:2      | 723 ||| Stepping ~*~*~tactically~*~*~ (stealth).
   732 | D:2      | Reached XP level 3. HP: 22/23 MP: 3/3
   897 | D:2      | 897 ||| Stepping ~*~*~tactically~*~*~ (stealth).
   916 | D:2      | 916 ||| Stepping ~*~*~tactically~*~*~ (hiding).
   977 | D:2      | 977 ||| DROPPING +0 club.
  1095 | D:2      | 1095 ||| Stepping ~*~*~tactically~*~*~ (stealth).
  1195 | D:2      | Reached XP level 4. HP: 28/28 MP: 4/4
  1239 | D:2      | Reached skill level 4 in Axes
  1588 | D:2      | 1588 ||| UPGRADING to +0 pair of boots.
  1593 | D:2      | 1593 ||| UPGRADING to +0 pair of gloves.
  1598 | D:2      | 1598 ||| UPGRADING to +6 ring of dexterity.
  1599 | D:2      | 1599 ||| UPGRADING to +4 ring of protection.
  1600 | D:2      | 1600 ||| READING scroll labelled SEXOKU TUVACUG.
  1601 | D:2      | 1601 ||| READING 2 scrolls labelled WEZYURAHAV.
  1602 | D:2      | 1602 ||| READING scroll labelled HOAZEDD YMIOLA.
  1603 | D:2      | 1603 ||| READING scroll labelled ENITUMONIP.
  1656 | D:3      | 1656 ||| Stepping ~*~*~tactically~*~*~ (stealth).
  1746 | D:3      | Reached skill level 1 in Dodging
  1801 | D:3      | 1801 ||| DROPPING +0 whip.
  1879 | D:3      | 1879 ||| Stepping ~*~*~tactically~*~*~ (stealth).
  1983 | D:3      | 1983 ||| FLEEEEING.
  1984 | D:3      | 1984 ||| FLEEEEING.
  1988 | D:3      | 1988 ||| FLEEEEING.
  1994 | D:3      | 1994 ||| FLEEEEING.
  1995 | D:3      | 1995 ||| STAIRDANCE
  2138 | D:3      | Reached XP level 5. HP: 32/32 MP: 5/5
  2251 | D:3      | Identified the +1 robe of Valour {+Inv rElec rN+}
  2359 | D:4      | 2359 ||| Stepping ~*~*~tactically~*~*~ (stealth).
  2360 | D:4      | 2360 ||| Stepping ~*~*~tactically~*~*~ (stealth).
  2429 | D:4      | 2429 ||| DROPPING +2 whip of venom.
  2435 | D:4      | Found a runed translucent door.
  2436 | D:4      | Noticed Crazy Yiuf
  2504 | D:4      | Noticed a phantom
  2505 | D:4      | 2505 ||| Stepping ~*~*~tactically~*~*~ (stealth).
  2549 | D:4      | 2549 ||| Stepping ~*~*~tactically~*~*~ (hiding).
  2556 | D:4      | Reached skill level 5 in Axes
  2611 | D:4      | 2611 ||| DROPPING +0 hammer.
  2624 | D:4      | Killed a phantom
  2625 | D:4      | Reached XP level 6. HP: 30/39 MP: 6/6
  2816 | D:4      | 2816 ||| READING scroll labelled DAET GOTICAPS.
  2817 | D:4      | 2817 ||| DRINKING 2 murky cyan potions.
  2817 | D:4      | Gained mutation: You occasionally shout uncontrollably at
                  | your foes. [potion of mutation]
  2817 | D:4      | Gained mutation: Your muscles are strong. (Str +4, Int/Dex
                  | -1) [potion of mutation]
  2818 | D:4      | 2818 ||| READING 2 scrolls of identify.
  2818 | D:4      | 2818 ||| IDENTIFYING orange potion
  2893 | D:4      | 2893 ||| Stepping ~*~*~tactically~*~*~ (stealth).
  2948 | D:4      | Noticed a black bear
  2950 | D:4      | 2950 ||| Stepping ~*~*~tactically~*~*~ (stealth).
  2958 | D:4      | Killed a black bear
  3055 | D:4      | 3055 ||| Stepping ~*~*~tactically~*~*~ (stealth).
  3056 | D:4      | 3056 ||| Stepping ~*~*~tactically~*~*~ (stealth).
  3061 | D:4      | Reached skill level 6 in Axes
  3061 | D:4      | Reached XP level 7. HP: 39/44 MP: 7/7
  3066 | D:4      | HP: 11/44 [orc/+0 flail (1)]
  3067 | D:4      | 3067 ||| DRINKING potion of heal wounds.
  4221 | D:5      | Entered Level 5 of the Dungeon
  4222 | D:5      | 4222 ||| PLANNING OSSUARY
  4254 | D:5      | Found a staircase to the Ecumenical Temple.
  4275 | D:5      | Reached skill level 7 in Axes
  4421 | D:5      | Found a sand-covered staircase.
  4422 | D:5      | 4422 ||| UPGRADING to amulet of reflection.
  4427 | D:5      | 4427 ||| READING scroll labelled TURPHA ICROBA.
  4428 | D:5      | 4428 ||| DROPPING +0 flail.
  4472 | Ossuary  | Entered an ossuary
  4472 | Ossuary  | Noticed a wraith
  4472 | Ossuary  | Noticed a wraith
  4472 | Ossuary  | Noticed a wraith
  4550 | Ossuary  | 4550 ||| READING scroll of brand weapon.
  4550 | Ossuary  | 4550 ||| BRANDING +1 war axe of flaming.
  4800 | Ossuary  | Noticed a wraith
  4809 | Ossuary  | Killed a wraith
  4810 | Ossuary  | Reached XP level 8. HP: 36/49 MP: 8/8
  4930 | Ossuary  | 4930 ||| READING 3 scrolls labelled VOGOTHR UDIHA.
  4931 | Ossuary  | 4931 ||| READING 5 scrolls labelled MIJO CEXEONI.
  5032 | Ossuary  | 5032 ||| DRINKING 2 yellow potions.
  5033 | Ossuary  | 5033 ||| DRINKING 2 fuming red potions.
  5034 | Ossuary  | 5034 ||| READING 2 scrolls of identify.
  5034 | Ossuary  | 5034 ||| IDENTIFYING fuming sapphire potion
  5035 | Ossuary  | 5035 ||| DROPPING 2 scrolls of amnesia.
  5036 | Ossuary  | 5036 ||| DROPPING 4 scrolls of silence.
  5069 | D:5      | 5069 ||| PLANNING TEMPLE
  5098 | Temple   | Entered the Ecumenical Temple
  5260 | Temple   | 5260 ||| PLANNING D:1-11
  5338 | D:5      | Found a hide-covered altar of Uskayaw.
  5401 | D:5      | Noticed Sigmund
  5436 | D:5      | Killed Sigmund
  5511 | D:5      | 5511 ||| SWAPPING to +0 broad axe.
  5512 | D:5      | 5512 ||| DROPPING +1 war axe of protection.
  5748 | D:5      | Found a bloodstained altar of Trog.
  5782 | D:5      | 5782 ||| READING 3 scrolls of identify.
  5782 | D:5      | 5782 ||| IDENTIFYING coppery potion
  5783 | D:5      | 5783 ||| READING 2 scrolls of identify.
  5783 | D:5      | 5783 ||| IDENTIFYING bubbling blue potion
  5784 | D:5      | 5784 ||| DROPPING potion of brilliance.
  5807 | D:6      | 5807 ||| Stepping ~*~*~tactically~*~*~ (stealth).
  5884 | D:6      | 5884 ||| FLEEEEING.
  5885 | D:6      | 5885 ||| FLEEEEING.
  5892 | D:6      | 5892 ||| Stepping ~*~*~tactically~*~*~ (water).
  5904 | D:6      | Reached skill level 8 in Axes
  5972 | D:6      | Identified the +3 leather armour of the Curious Visions
                  | {rPois Str-3 Int+3 SInv}
  5994 | D:6      | 5994 ||| Stepping ~*~*~tactically~*~*~ (stealth).
  6052 | D:6      | Noticed an ancient zyme
  6063 | D:6      | Found a transporter.
  6068 | D:6      | Noticed a white ugly thing
  6069 | D:6      | Noticed qw's ghost (novice GrFi)
  6070 | D:6      | Found a one-way gate to the infinite horrors of the Abyss.
  6135 | D:6      | Noticed Grinder
  6135 | D:6      | Paralysed by Grinder for 5 turns
  6149 | D:6      | Killed Grinder
  6150 | D:6      | Reached skill level 6 in Fighting
  6150 | D:6      | Reached XP level 9. HP: 56/56 MP: 9/9
  6161 | D:6      | Found a transporter.
  6176 | D:6      | Found a burning altar of Makhleb.
  6199 | D:6      | 6199 ||| Stepping ~*~*~tactically~*~*~ (stealth).
  6259 | D:6      | Noticed Eustachio
  6282 | D:6      | Killed Eustachio
  6605 | D:6      | 6605 ||| UPGRADING to +0 plate armour.
  6615 | D:6      | 6615 ||| DROPPING +0 scale mail.
  6616 | D:6      | 6616 ||| DROPPING +6 ring of intelligence.
  6617 | D:6      | 6617 ||| READING 2 scrolls labelled FAR KUAPSIT.
  6618 | D:6      | 6618 ||| READING 2 scrolls of identify.
  6618 | D:6      | 6618 ||| IDENTIFYING smoky yellow potion
  6619 | D:6      | 6619 ||| DROPPING scroll of fear.
  6658 | D:7      | Found a runed translucent door.
  6662 | D:7      | Noticed qw's ghost (novice MiHu)
  7227 | D:7      | 7227 ||| Stepping ~*~*~tactically~*~*~ (hiding).
  7418 | D:7      | 7418 ||| Stepping ~*~*~tactically~*~*~ (hiding).
  7532 | D:7      | Found a sacrificial altar of Ru.
  7583 | D:7      | 7583 ||| DROPPING +0 flail.
  7738 | D:7      | 7738 ||| UPGRADING to ring of willpower.
  7740 | D:7      | 7740 ||| UPGRADING to +6 ring of strength.
  7742 | D:7      | 7742 ||| DROPPING +6 ring of dexterity.
  7743 | D:7      | 7743 ||| DROPPING ring of willpower.
  7744 | D:7      | 7744 ||| READING 3 scrolls of identify.
  7744 | D:7      | 7744 ||| IDENTIFYING fizzy orange potion
  7745 | D:7      | 7745 ||| READING 2 scrolls of identify.
  7745 | D:7      | 7745 ||| IDENTIFYING emerald potion
  7746 | D:7      | 7746 ||| DROPPING potion of degeneration.
  7747 | D:7      | 7747 ||| DROPPING potion of invisibility.
  7859 | D:8      | Noticed a polar bear
  7860 | D:8      | Found a huge runed translucent gate.
  7860 | D:8      | Noticed a death yak
  7862 | D:8      | 7862 ||| DRINKING 4 potions of curing.
  7862 | D:8      | 7862 ||| (to cure confusion)
  7862 | D:8      | Noticed a polar bear
  7864 | D:8      | Noticed a polar bear
  7870 | D:8      | Noticed a polar bear
  7873 | D:8      | Reached skill level 9 in Axes
  7874 | D:8      | Noticed a polar bear
  7882 | D:8      | Found a huge runed translucent gate.
  7882 | D:8      | Found a huge runed translucent gate.
  7882 | D:8      | Found a huge runed translucent gate.
  7884 | D:8      | Noticed a polar bear
  7895 | D:8      | 7895 ||| FLEEEEING.
  7896 | D:8      | 7896 ||| FLEEEEING.
  7897 | D:8      | 7897 ||| FLEEEEING.
  7898 | D:8      | 7898 ||| FLEEEEING.
  7899 | D:8      | 7899 ||| FLEEEEING.
  7900 | D:8      | 7900 ||| FLEEEEING.
  7901 | D:8      | 7901 ||| FLEEEEING.
  7902 | D:8      | 7902 ||| FLEEEEING.
  7903 | D:8      | 7903 ||| FLEEEEING.
  7904 | D:8      | 7904 ||| FLEEEEING.
  7905 | D:8      | 7905 ||| FLEEEEING.
  7906 | D:8      | 7906 ||| FLEEEEING.
  7907 | D:8      | 7907 ||| FLEEEEING.
  7908 | D:8      | 7908 ||| FLEEEEING.
  7909 | D:8      | 7909 ||| FLEEEEING.
  7910 | D:8      | 7910 ||| FLEEEEING.
  7911 | D:8      | 7911 ||| FLEEEEING.
  7912 | D:8      | 7912 ||| FLEEEEING.
  7913 | D:8      | 7913 ||| FLEEEEING.
  7914 | D:8      | 7914 ||| FLEEEEING.
  7915 | D:8      | 7915 ||| FLEEEEING.
  7916 | D:8      | 7916 ||| FLEEEEING.
  7917 | D:8      | 7917 ||| FLEEEEING.
  8006 | D:8      | Found an opulent altar of Gozag.
  8028 | D:8      | 8028 ||| Stepping ~*~*~tactically~*~*~ (stealth).
  8071 | D:8      | Found Lunim's Weapon Shop.
  8079 | D:8      | 8079 ||| SHOPLISTING +5 demon whip of Departure {heavy,
                  | rPois Will+ Int+2 Dex-3} (933 gold, have 397).
  8350 | D:8      | Reached skill level 6 in Armour
  8354 | D:8      | HP: 7/57 [gnoll sergeant/+5 heavy spear (13)]
  8355 | D:8      | 8355 ||| READING 3 scrolls of teleportation.
  8356 | D:8      | 8356 ||| DRINKING 3 potions of heal wounds.
  8360 | D:8      | 8360 ||| FLEEEEING.
  8361 | D:8      | 8361 ||| FLEEEEING.
  8362 | D:8      | 8362 ||| FLEEEEING.
  8363 | D:8      | 8363 ||| FLEEEEING.
  8364 | D:8      | 8364 ||| FLEEEEING.
  8365 | D:8      | 8365 ||| FLEEEEING.
  8366 | D:8      | 8366 ||| FLEEEEING.
  8374 | D:8      | 8374 ||| FLEEEEING.
  8375 | D:8      | 8375 ||| FLEEEEING.
  8376 | D:8      | 8376 ||| FLEEEEING.
  8381 | D:8      | 8381 ||| FLEEEEING.
  8382 | D:8      | 8382 ||| FLEEEEING.
  8383 | D:8      | 8383 ||| FLEEEEING.
  8384 | D:8      | 8384 ||| FLEEEEING.
  8385 | D:8      | 8385 ||| FLEEEEING.
  8386 | D:8      | 8386 ||| STAIRDANCE
  8556 | D:8      | 8556 ||| Stepping ~*~*~tactically~*~*~ (stealth).
  8558 | D:8      | 8558 ||| Stepping ~*~*~tactically~*~*~ (hiding).
  8568 | D:8      | 8568 ||| Stepping ~*~*~tactically~*~*~ (hiding).
  8569 | D:8      | 8569 ||| Stepping ~*~*~tactically~*~*~ (hiding).
  8623 | D:8      | 8623 ||| Stepping ~*~*~tactically~*~*~ (stealth).
  8673 | D:8      | Noticed a two-headed ogre
  8674 | D:8      | 8674 ||| Stepping ~*~*~tactically~*~*~ (stealth).
  8687 | D:8      | Killed a two-headed ogre
  8688 | D:8      | Reached skill level 10 in Axes
  8688 | D:8      | Reached XP level 10. HP: 32/63 MP: 10/10
  9038 | D:8      | 9038 ||| Stepping ~*~*~tactically~*~*~ (hiding).
  9290 | D:8      | 9290 ||| Stepping ~*~*~tactically~*~*~ (stealth).
  9293 | D:8      | 9293 ||| Stepping ~*~*~tactically~*~*~ (stealth).
  9577 | D:9      | Noticed Pikel
  9584 | D:9      | 9584 ||| STAIRDANCE
  9595 | D:8      | Killed Pikel
  9705 | D:9      | 9705 ||| DRINKING 3 potions of curing.
  9705 | D:9      | 9705 ||| (to cure confusion)
  9876 | D:9      | Found an ornate altar of the Wu Jian Council.
  9877 | D:9      | 9877 ||| Stepping ~*~*~tactically~*~*~ (hiding).
  9888 | D:9      | 9888 ||| Stepping ~*~*~tactically~*~*~ (hiding).
 10171 | D:9      | 10171 ||| Stepping ~*~*~tactically~*~*~ (stealth).
 10176 | D:9      | Noticed a two-headed ogre
 10183 | D:9      | HP: 8/64 [two-headed ogre/+0 giant spiked club (10)]
 10184 | D:9      | 10184 ||| READING 2 scrolls of teleportation.
 10185 | D:9      | 10185 ||| DRINKING 2 potions of heal wounds.
 10186 | D:9      | 10186 ||| DRINKING potion of heal wounds.
 10343 | D:9      | Reached skill level 11 in Axes
 10369 | D:9      | Killed a two-headed ogre
 10369 | D:9      | HP: 10/64 [troll (8)]
 10370 | D:9      | Reached skill level 9 in Fighting
 10370 | D:9      | 10370 ||| READING scroll of teleportation.
 10370 | D:9      | HP: 3/66 [troll (8)]
 10370 | D:9      | Slain by a troll

Levels and vault maps discovered:
D:1:      sevenhm_arrival_forest_fort_small_6, layout_rooms,
          shapermc_ecumenical_altar_mp_vishouse
D:2:      minmay_chambers_of_ones, layout_basic, serial_bayou,
          serial_bayou_pond_e, serial_bayou_crossing, serial_bayou_ford_a,
          serial_bayou_shore_a, minmay_diced_spiral
D:3:      layout_loops_cross, serial_bayou, serial_bayou_pond_e,
          serial_bayou_pond_c, serial_bayou_lagoon_a, serial_bayou_pond_e,
          nicolae_concentric_dashed_squares_mild
D:4:      layout_loops_cross, wad_orctagon, uniq_crazy_yiuf_cottage
D:5:      layout_basic, mainiacjoe_overflow_catwalk,
          mainiacjoe_overflow_boulevard, minmay_temple_entry_sparse_star,
          enter_ossuary_3, uniq_sigmund
D:6:      layout_loops_ring, lemuel_doored_altar,
          gammafunk_ghost_abyssal_escape, minivault_4, st_stairs_5,
          chequers_jeans, uniq_eustachio, uniq_grinder
D:7:      layout_basic, mainiacjoe_overflow_tiny_flanked,
          ebering_ghost_reflecting_pool
D:8:      lemuel_bear_cage, layout_basic,
          nicolae_gozag_cash_rules_everything_around_me, serial_shops, shop,
          chequers_serial_rivers_room_a
D:9:      nicolae_moon_pools, layout_rooms, nzn_wu_jian_contemplation,
          serial_corexii_hall, corexii_hall_statues_s, corexii_hall_statues_l,
          uniq_pikel
Temple:   nicolae_temple_bog_church

Skill      XL: |  1  2  3  4  5  6  7  8  9 10 |
---------------+-------------------------------+-----
Axes           | 2 3 4 5 6 7 8 10 11 | 11.0
Dodging        | 1 2 |  2.9
Fighting       | 4 5 6 7 9 |  9.0
Throwing       | 2 |  2.4
Armour         | 6 7 |  7.0
Shields        | 4 5 |  5.0

Action                     |  1- 3 |  4- 6 |  7- 9 | 10-12 || total
---------------------------+-------+-------+-------+-------++-------
  Melee: War axe           |    90 |   184 |   121 |       ||   395
         Broad axe         |       |       |   212 |   198 ||   410
  Throw: Boomerang         |    23 |    10 |    28 |    20 ||    81
    Use: Scroll            |     3 |     6 |    12 |     2 ||    23
         Potion            |       |     1 |     5 |     3 ||     9
 Armour: Scale mail        |    45 |   110 |    67 |       ||   222
         Plate armour      |       |       |   107 |   225 ||   332
  Dodge: Dodged            |    32 |    75 |   111 |   143 ||   361
  Block: Buckler           |    19 |    34 |   147 |   178 ||   378
         Reflection        |       |       |     2 |     2 ||     4

Table legend:
 A = Non-vault XP
 B = Vault XP
 C = Vault XP percentage of total XP
 D = Non-vault monster count
 E = Vault monster count
 F = Vault count percentage of total count
                 A         B        C        D         E       F
            +---------+---------+-------+---------+---------+-------
      Total |    7084 |    1933 |  21.4 |     198 |      36 |  15.4
            +---------+---------+-------+---------+---------+-------
        D:1 |      28 |       0 |   0.0 |      17 |       0 |   0.0
        D:2 |      46 |      31 |  40.3 |      18 |       8 |  30.8
        D:3 |      61 |       0 |   0.0 |      24 |       0 |   0.0
        D:4 |     592 |      12 |   2.0 |      26 |       4 |  13.3
        D:5 |     291 |     277 |  48.8 |       8 |       3 |  27.3
        D:6 |     524 |     599 |  53.3 |      10 |       4 |  28.6
        D:7 |     561 |       0 |   0.0 |      24 |       0 |   0.0
        D:8 |    2858 |     651 |  18.6 |      42 |       1 |   2.3
        D:9 |    2123 |       0 |   0.0 |      29 |       0 |   0.0
    Ossuary |       0 |     363 | 100.0 |       0 |      16 | 100.0
            +---------+---------+-------+---------+---------+-------
